 Dungeon Sprint DCSS version 0.20-a0-1116-gaa52201 (webtiles) character file.

718 potatolord5000 the Fighter (level 7, -16/97 HPs)
             Began as a White Draconian Berserker on May 8, 2017.
             Was a Priest of Trog.
             Demolished by a tyrant leech (20 damage)
             ... in the Dungeon (Sprint II: "The Violet Keep of Menkaure").
             The game lasted 00:01:44 (86 turns).

potatolord5000 the Fighter (DrBe)                     Turns: 86, Time: 00:01:45

Health: -16/97     AC:  6    Str: 26    XL:     7   Next: 42%
Magic:  7/7        EV: 16    Int:  5    God:    Trog [***...]
Gold:   486        SH:  0    Dex: 11    Spells: 6/6 levels left

rFire    . . .     SeeInvis .   a - +0 falchion
rCold    + . .     Gourm    .   (no shield)
rNeg     . . .     Faith    .   (armour unavailable)
rPois    .         Spirit   .   (helmet restricted)
rElec    .         Reflect  .   (no cloak)
rCorr    .         Harm     .   (no gloves)
MR       .....     NoTele   +   (no boots)
Stlth    ..........             (no amulet)
Regen    0.3/turn               (no ring)
MPRegen  0.1/turn               (no ring)

@: berserking, very quick
A: breathe frost, unfitting armour, cold resistance 1, deterioration 1, dopey 1,
frail 1, cold-blooded, subdued magic 1, AC +6
a: Breathe Frost, Berserk, Trog's Hand, Burn Spellbooks, Renounce Religion


You were in the Dungeon.
You worshipped Trog.
Trog was most pleased with you.
You were not hungry.

You visited 1 branch You collected 486 gold pieces.

Inventory:

Hand Weapons
 a - a +0 falchion (weapon)
Scrolls
 h - a scroll of blinking
Potions
 c - a potion of curing
 f - 2 potions of magic
Comestibles
 b - a bread ration


   Skills:
 + Level 10.8 Fighting
 + Level 9.9 Long Blades
 + Level 9.1 Dodging


You had 6 spell levels left.
You didn't know any spells.

Dungeon Overview and Level Annotations

Branches:
Dungeon (1/1)

Altars:

Shops:
D ?[!%=[}(?


Innate Abilities, Weirdness & Mutations

You can breathe waves of freezing cold.
You can buffet flying creatures when you breathe cold.
Your icy white scales are hard. (AC +6)
You cannot fit into any form of body armour.
Your flesh is cold resistant. (rC+)
You are cold-blooded and may be slowed by cold attacks.
Your body sometimes deteriorates upon taking damage.
You are dopey. (Int -2)
You are frail. (-10% HP)
Your spells are a little easier to cast, but a little less powerful.


Message History

You now have 486 gold pieces (gained 243).
There is an open door, spattered with blood here.
There is a staircase leading out of the dungeon here.
There is an open door here.
There is a staircase leading out of the dungeon here.
As you open the door, it creaks loudly! 2 tyrant leeches come into view.
Found 243 gold pieces.
A red film seems to cover your vision as you go berserk!
You feel yourself moving faster!
You feel mighty!
You miss the tyrant leech. You closely miss the tyrant leech.
The tyrant leech bites you!!
* * * LOW HITPOINT WARNING * * *
The tyrant leech draws strength from your injuries!
You slash the tyrant leech!
The tyrant leech is lightly wounded.
You miss the tyrant leech.
Your tail-slap misses the tyrant leech.
The tyrant leech is lightly wounded.
The tyrant leech bites you!!
You die...

.∩.∩ ∩.∩. ## ##
.∩..# #.# #.# ∩...#
###.#$# ##
....#≈##.# #†###.##
∩...#≈#..###.##...#
+≈'.##'.<.'.##+
∩.∩.#≈#.#.##@####
▓▓###≈##.###w#
##### ### .#w .. ..
##. $## ## ##


You could see 2 tyrant leeches.

Vanquished Creatures
  2 hippogriffs (D)
  3 neqoxecs (D)
  2 worms (D)
7 creatures vanquished.

Vanquished Creatures (others)
  A crocodile (D)
1 creature vanquished.

Grand Total: 8 creatures vanquished

Notes
Turn   | Place    | Note
-------+----------+-------------------------------------------
     0 | D        | potatolord5000 the Draconian Berserker began the quest for the Orb.
     0 | D        | Reached XP level 1. HP: 19/19 MP: 1/1
     1 | D        | Noticed a hippogriff
     1 | D        | Noticed a hippogriff
     8 | D        | HP: 1/28 [hippogriff (11)]
     9 | D        | Killed a hippogriff
     9 | D        | Reached skill level 7 in Fighting
     9 | D        | Reached XP level 2. HP: 2/34 MP: 2/2
     9 | D        | Reached XP level 3. HP: 3/39 MP: 3/3
     9 | D        | Reached XP level 4. HP: 3/47 MP: 4/4
     9 | D        | Reached XP level 5. HP: 4/52 MP: 5/5
    11 | D        | Killed a hippogriff
    11 | D        | Reached skill level 9 in Fighting
    11 | D        | Reached XP level 6. HP: 5/63 MP: 6/6
    25 | D        | Reached ** piety under Trog
    39 | D        | Noticed a neqoxec
    40 | D        | Noticed a neqoxec
    41 | D        | Gained mutation: Your spells are a little easier to cast, but a little less powerful. [a neqoxec]
    43 | D        | Gained mutation: You are dopey. (Int -2) [a neqoxec]
    50 | D        | Killed a neqoxec
    52 | D        | Gained mutation: Your body sometimes deteriorates upon taking damage. [a neqoxec]
    57 | D        | Killed a neqoxec
    57 | D        | Reached *** piety under Trog
    57 | D        | Reached skill level 10 in Fighting
    57 | D        | Your scales start taking on an icy white colour.
    57 | D        | Reached XP level 7. HP: 23/73 MP: 7/7
    57 | D        | Gained mutation: Your flesh is cold resistant. (rC+) [White Draconian growth]
    59 | D        | Found Woopnais's Antique Armour Shoppe.
    59 | D        | Found Eddem's Gadget Shoppe.
    60 | D        | Found Zeecronu's Armour Shoppe.
    60 | D        | Found Tuymypsa's Magic Scroll Emporium.
    60 | D        | Found Sutzoh's Magic Scroll Shoppe.
    60 | D        | Found Dyopamimuo's Jewellery Emporium.
    60 | D        | Noticed a neqoxec
    62 | D        | Gained mutation: You are frail. (-10% HP) [a neqoxec]
    65 | D        | Killed a neqoxec
    66 | D        | Found Pauts's Antique Weapon Emporium.
    66 | D        | Found Kikul's Food Shoppe.
    66 | D        | Found Lelor's Distillery.
    81 | D        | Noticed a tyrant leech
    81 | D        | Noticed a tyrant leech
    84 | D        | HP: 4/97 [tyrant leech (28)]
    86 | D        | Demolished by a tyrant leech

Vault maps used:
D:        the_violet_keep_of_menkaure

Skill      XL: |  1  2  3  4  5  6  7 |
---------------+----------------------+-----
Fighting       | 7 9 10 | 10.8
Long Blades    | 6 8 9 |  9.9
Dodging        | 6 7 8 9 |  9.1

Action                   |  1- 3 |  4- 6 |  7- 9 || total
-------------------------+-------+-------+-------++-------
Melee: Falchion          |     5 |    31 |     9 ||    45
       Tailslap          |     3 |     7 |     2 ||    12
Invok: Berserk           |     1 |       |       ||     1
  Use: Potion            |     1 |     1 |     1 ||     3
Armor: Skin              |       |     2 |       ||     2
Dodge: Dodged            |     3 |     8 |     1 ||    12
       Rpst.: Falchion   |       |     3 |       ||     3
